[Event "*** SCC Grand Prix: Titled Tuesday Blitz"]
[Site "Chess.com"]
[Date "2020.08.11"]
[Round "6"]
[White "Azeryahu"]
[Black "Donskov_AN"]
[Result "1-0"]
[WhiteElo "2778"]
[BlackElo "2570"]
[TimeControl "180+1"]
[EndTime "11:07:05 PDT"]
[Termination "Azeryahu won by resignation"]

1. c4 e5 2. Nc3 d6 3. Nf3 Nc6 4. d4 exd4 5. Nxd4 Be7 6. g3 Nf6 7. Bg2 Bd7 8. O-O O-O 9. b3 Re8 10. Bb2 Bf8 11. Rc1 g6 12. Nd5 Nxd5 13. cxd5 Ne5 14.
h3 f5 15. Qc2 Rc8 16. f4 Nf7 17. e4 fxe4 18. Bxe4 Bxh3 19. Bxg6 Bg7 20. Ne6 Bxe6 21. dxe6 Rxe6 22. Bxh7+ Kh8 23. Bxg7+ Kxg7 24. Bf5 Rh6 25. Qc3+ Kf8 26. Kg2 c5 27. Bxc8 Qxc8 28. Rh1 Qc6+ 29. Qf3 Qa6 30. Rxh6 Nxh6 31. Rc2 Nf5 32. Rf2 d5 33. Qh5 Qe6 34. Qh8+ Kf7 35. Qe5 Qg6 36. Qxd5+ Kg7 37. Qe5+ Kh6 38. Qh8+ Qh7 39. Qxh7+ Kxh7 40. g4 Ne3+ 41. Kf3 Nd1 42. Rc2 b6 43. Ke2 1-0

[Event "*** SCC Grand Prix: Titled Tuesday Blitz"]
[Site "Chess.com"]
[Date "2020.08.11"]
[Round "6"]
[White "Sultanasharminshirin"]
[Black "chess_rehab"]
[Result "0-1"]
[WhiteElo "2039"]
[BlackElo "2297"]
[TimeControl "180+1"]
[EndTime "11:07:06 PDT"]
[Termination "chess_rehab won on time"]

1. d4 d5 2. c4 e6 3. Nc3 Nf6 4. Nf3 Be7 5. Bf4 O-O 6. e3 c5 7.
dxc5 Bxc5 8. Qc2 Nc6 9. Rd1 Qa5 10. Bg5 Ne4 11. Bd3 f5 12. O-O Nb4 13. Qb1 Nxc3 14. bxc3 Nxa2 15. Qa1 b6 16. cxd5 Nxc3 17. Qxa5 bxa5 18.
Rc1 Bb4 19. d6 h6 20. Be7 Re8 21. Ne5 Nd5 22. d7 Bxd7 23. Bxb4 Nxb4 24. Nxd7 Nxd3 25. Rc6 a6 26. Ra1 Nb4 27. Rb6 Nd5 28. Rd6 Red8 29. g3 Kf7 0-1

[Event "*** SCC Grand Prix: Titled Tuesday Blitz"]
[Site "Chess.com"]
[Date "2020.08.11"]
[Round "6"]
[White "TigrVShlyape"]
[Black "PavlovDanila"]
[Result "1-0"]
[WhiteElo "2857"]
[BlackElo "2668"]
[TimeControl "180+1"]
[EndTime "11:07:07 PDT"]
[Termination "TigrVShlyape won on time"]

1. d4 Nf6 2. Nf3 g6 3. c3 Bg7 4. Bf4 d6 5. h3 O-O 6. Nbd2 Nfd7 7. e3 Nc6 8. Be2 e5 9. Bh2 f5 10. b4 Kh8 11. b5 Na5 12. Nb3 Nxb3 13. axb3 Qe7 14.
O-O g5 15. Nd2 Nf6 16. Qc1 f4 17. dxe5 dxe5 18. exf4 exf4 19. Re1 Bf5 20. Bf3 Qc5 21. Bxb7 Rad8 22. b4 Qxb5 23. Bf3 Qd3 24. Nb3 Nd5 25.
Rd1 Qxc3 26. Bxd5 Qxb4 27. Rxa7 Rxd5 28. Rxd5 Qxb3 29. Rd1 Be5 30. Re1 Bd4 31. Rxc7 Qb6 32. Kh1 Bxf2 33. Bg1 Bxg1 34. Rxg1 f3 35. Qc3+ Qf6 36.
gxf3 Qxc3 37. Rxc3 h6 38. Kh2 Kh7 39. Kg3 Kg6 40.
Ra1 Rf6 41. Ra5 Kh5 42. Rac5 Bd7 43. h4 Rf4 44. hxg5 hxg5 45. Rd3 Bf5 46. Rdd5 Kg6 47.
Rd6+ Kh5 48. Rf6 1-0

[Event "*** SCC Grand Prix: Titled Tuesday Blitz"]
[Site "Chess.com"]
[Date "2020.08.11"]
[Round "6"]
[White "DACF2905"]
[Black "kakakz"]
[Result "0-1"]
[WhiteElo "2223"]
[BlackElo "2435"]
[TimeControl "180+1"]
[EndTime "11:07:07 PDT"]
[Termination "kakakz won by resignation"]

1. c4 Nf6 2. Nc3 g6 3. g3 d6 4. Bg2 Bg7 5. d4 O-O 6. Nf3 Nbd7 7. O-O c6 8. e4 e5 9. Re1 Re8 10. h3 a5 11. Bg5 exd4 12. Nxd4 a4 13. Rc1 Qa5 14.
Bf4 Ne5 15. b3 axb3 16. axb3 Nfd7 17. Nde2 Nc5 18. Qxd6 Nxb3 19. Rb1 Nxc4 20. Qd3 Qb4 21. Rxb3 Qxb3 22. Rb1 Qa3 23. Qxc4 Be6 24. Qb4 Qxb4 25. Rxb4 b5 26. Bd6 Ra1+ 27. Kh2 Bc4 28. f4 Re1 29. Bf3 Bxc3 30. Nxc3 Re3 31. Bg4 Rxc3 32. e5 Rc2+ 33. Kg1 Ra8 34. Rb1 Raa2 35. Bd7 Rg2+ 0-1

[Event "*** SCC Grand Prix: Titled Tuesday Blitz"]
[Site "Chess.com"]
[Date "2020.08.11"]
[Round "6"]
[White "UCantHandleDenker"]
[Black "Region_07"]
[Result "1-0"]
[WhiteElo "2578"]
[BlackElo "2406"]
[TimeControl "180+1"]
[EndTime "11:07:08 PDT"]
[Termination "UCantHandleDenker won by checkmate"]

1. Nf3 f5 2. g3 Nf6 3. Bg2 d6 4. O-O g6 5. c4 Bg7 6. d3 O-O 7. Nc3 c5 8. Rb1 Nc6 9. a3 a5 10. Ne1 Bd7 11. Bd2 e6 12. b3 Qe7 13.
Nc2 Rab8 14. b4 axb4 15. axb4 b6 16. b5 Nd4 17. Nxd4 cxd4 18. Na2 e5 19. Bg5 h6 20. Bxf6 Qxf6 21. Nb4 h5 22. Ra1 h4 23. Ra7 Be6 24.
Bd5 f4 25. g4 Kh8 26. f3 Rf7 27. Qa1 Rbf8 28. Bxe6 Qxe6 29. Rxf7 Qxf7 30. Nd5 e4 31. fxe4 Qe6 32. h3 f3 33. Rxf3 Rxf3 34. exf3 Qe5 35.
f4 Qe8 36. Qa7 Qf8 37. Kg2 Be5 38. fxe5 Qh6 39. Qb8+ Kg7 40. Qc7+ Kh8 41. Qd8+ Kg7 42. Qe7+ Kh8 43. g5 Qh5 44. Qf8+ Kh7 45. Nf6# 1-0

[Event "*** SCC Grand Prix: Titled Tuesday Blitz"]
[Site "Chess.com"]
[Date "2020.08.11"]
[Round "6"]
[White "Steven_Rojas"]
[Black "Mr_Sinigami"]
[Result "1-0"]
[WhiteElo "2471"]
[BlackElo "2600"]
[TimeControl "180+1"]
[EndTime "11:07:09 PDT"]
[Termination "Steven_Rojas won by checkmate"]

1. c4 Nf6 2. Nc3 g6 3. g3 Bg7 4.
Bg2 O-O 5. d4 d6 6. Nf3 Nbd7 7.
O-O e5 8. e4 exd4 9. Nxd4 Re8 10.
Re1 c6 11. h3 a5 12. Rb1 Nc5 13. b3 Nfd7 14. Kh2 Ne5 15. Re3 Qb6 16. Bb2 Ned3 17.
Na4 Nxa4 18. Rxd3 Nxb2 19. Rxb2 f5 20. Re2 Bd7 21. Nc2 a4 22. Rxd6 Be6 23. exf5 Bxf5 24. Ne3 axb3 25. axb3 Be4 26. Bxe4 Rxe4 27. Ng4 Ree8 28.
Rd7 Qc5 29. Qd3 Qf5 30. Rxg7+ Kxg7 31. Qc3+ Kf8 32. Qh8+ Kf7 33. Nh6# 1-0

[Event "*** SCC Grand Prix: Titled Tuesday Blitz"]
[Site "Chess.com"]
[Date "2020.08.11"]
[Round "6"]
[White "creativity"]
[Black "ChronicUnhappiness"]
[Result "0-1"]
[WhiteElo "2011"]
[BlackElo "2357"]
[TimeControl "180+1"]
[EndTime "11:07:09 PDT"]
[Termination "ChronicUnhappiness won on time"]

1. d4 Nf6 2. c4 e6 3. Nc3 Bb4 4. Qc2 c5 5. dxc5 O-O 6. g3 Na6 7. Bg2 Nxc5 8. a3 Bxc3+ 9. Qxc3 Nce4 10. Qc2 d5 11. Nf3 b6 12. cxd5 exd5 13. O-O Ba6 14.
Rd1 Rc8 15. Qa4 Bxe2 16. Re1 Bc4 17. Nd4 Ng4 18. Be3 Qf6 19. Rad1 Nexf2 20. Nf3 Nxe3 21. Rxe3 Nxd1 22. Qxd1 d4 23. Qxd4 Rfd8 24. Qxf6 gxf6 25. Kf2 Bd5 26. Re2 Bxf3 27. Bxf3 Rd3 28. Bg4 Rcd8 29. Re7 Rd2+ 30. Ke3 Rxb2 31. Rxa7 Rb3+ 32. Ke4 Re8+ 33. Kf4 Kg7 34. Bh5 Rf8 35. h4 Rc3 0-1

[Event "*** SCC Grand Prix: Titled Tuesday Blitz"]
[Site "Chess.com"]
[Date "2020.08.11"]
[Round "6"]
[White "poppy73"]
[Black "Sn00pPawn"]
[Result "1-0"]
[WhiteElo "2250"]
[BlackElo "2005"]
[TimeControl "180+1"]
[EndTime "11:07:09 PDT"]
[Termination "poppy73 won on time"]

1. e4 c5 2. Nf3 d6 3. d4 cxd4 4. Nxd4 Nf6 5. Nc3 a6 6. h3 e5 7. Nde2 h5 8. g3 Be6 9. Bg2 Nbd7 10. O-O b5 11. f4 Qc7 12. f5 Bc4 13. b3 Bxe2 14.
Nxe2 Rc8 15. c3 Qc5+ 16. Kh1 Be7 17. b4 Qc4 18. Qc2 Qxb4 19. a4 Qc4 20. axb5 axb5 21. Rb1 b4 22. Bd2 Qxe2 23. Rxb4 O-O 24. Re1 Qa6 25. Bf1 Qc6 26. Bb5 Qc7 27. Qd3 Nc5 28. Qf3 Rfd8 29. Bf1 d5 30. exd5 Nxd5 31. Bg2 Nxb4 32.
cxb4 Nd3 33. Re3 Nxb4 34. Bxb4 Bxb4 35. Qxh5 1-0

[Event "*** SCC Grand Prix: Titled Tuesday Blitz"]
[Site "Chess.com"]
[Date "2020.08.11"]
[Round "6"]
[White "Firouzja2003"]
[Black "chito89"]
[Result "1-0"]
[WhiteElo "3032"]
[BlackElo "2749"]
[TimeControl "180+1"]
[EndTime "11:07:10 PDT"]
[Termination "Firouzja2003 won by resignation"]

1. e4 Nc6 2. Nf3 d6 3. d4 Nf6 4. Nc3 Bg4 5. d5 Nb8 6. h3 Bxf3 7. Qxf3 g6 8. g4 h5 9. g5 Nfd7 10. Bd2 Bg7 11. O-O-O c6 12. Kb1 O-O 13. Qg3 b5 14. f4 b4 15. Ne2 Nc5 16. Qf3 cxd5 17. exd5 Nbd7 18. Bc1 Qb6 19. Nd4 a5 20. Nc6 a4 21.
Bc4 b3 22. cxb3 axb3 23. a3 Ra4 24. Qe2 Rfa8 25. f5 Ne5 26. Nxe5 Bxe5 27. fxg6 Rxa3 28. gxf7+ Kf8 29. bxa3 Na4 30. Rd3 b2 31. Be3 Qa5 32. Bd2 Qc5 33. Rb3 Qd4 34. g6 Nc5 35. Bh6+ Bg7 36.
Bxg7+ Kxg7 37. f8=Q+ Rxf8 38. Qxe7+ Kxg6 39. Rg3+ 1-0

[Event "*** SCC Grand Prix: Titled Tuesday Blitz"]
[Site "Chess.com"]
[Date "2020.08.11"]
[Round "6"]
[White "AGW2016"]
[Black "Vesper2018"]
[Result "1-0"]
[WhiteElo "2333"]
[BlackElo "2541"]
[TimeControl "180+1"]
[EndTime "11:07:10 PDT"]
[Termination "AGW2016 won by resignation"]

1. d4 Nf6 2. c4 g6 3. Nc3 Bg7 4. e4 d6 5. Nf3 O-O 6. Be2 e5 7. O-O Nc6 8. d5 Ne7 9. Ne1 Nd7 10. Be3 f5 11. f3 f4 12. Bf2 g5 13. Rc1 Rf6 14. c5 Nxc5 15. b4 Na6 16. Nd3 h5 17. h3 Rg6 18. Nb5 Bd7 19. a4 b6 20. Be1 Kh7 21.
Nf2 c6 22. dxc6 Nxc6 23. Nxd6 Naxb4 24. Nf5 a5 25. Bb5 Nd4 26. Nxd4 exd4 27. Bxb4 axb4 28. Nd3 Bxb5 29. axb5 Bf8 30. Qb3 Qe8 31. Nxb4 Qxb5 32. Qf7+ Rg7 33. Qxh5+ Kg8 34. Nd5 Be7 35. Rc7 Qe8 36.
Qg4 Bd8 37. Rxg7+ Kxg7 38. h4 Qf7 39. hxg5 d3 40. g6 Qxg6 41. Qxf4 Ra2 42. Qe5+ Kg8 43.
Nf4 Qg7 44. Qxg7+ Kxg7 45. Ne6+ Kf6 46. Nxd8 Ke5 47. Nc6+ Kf4 48. Nb4 Ra3 49. Rd1 Ke3 50.
Nxd3 Rxd3 51. Rxd3+ Kxd3 52. e5 b5 53. e6 b4 54. e7 b3 55. e8=Q b2 56. Qe4+ 1-0

[Event "*** SCC Grand Prix: Titled Tuesday Blitz"]
[Site "Chess.com"]
[Date "2020.08.11"]
[Round "6"]
[White "AliKa2810"]
[Black "Agibileg"]
[Result "1-0"]
[WhiteElo "2601"]
[BlackElo "2415"]
[TimeControl "180+1"]
[EndTime "11:07:11 PDT"]
[Termination "AliKa2810 won on time"]

1. d4 Nf6 2. c4 g6 3. Nc3 Bg7 4. e4 d6 5. h3 O-O 6. Be3 Nbd7 7.
g4 e5 8. d5 c6 9. dxc6 bxc6 10. Qxd6 Re8 11. Nge2 Rb8 12. O-O-O Qa5 13. g5 Bf8 14.
Qd2 Nh5 15. h4 Bb4 16. Bh3 Nc5 17. Bxc8 Rbxc8 18. Qc2 Rb8 19. Rd2 Ne6 20. Rhd1 c5 21. Rd5 Nd4 22. Nxd4 exd4 23. Bxd4 Nf4 24. Bf6 Nxd5 25.
Nxd5 Qxa2 26. e5 Ba5 27. Rd3 Qa1+ 28. Qb1 Qa4 29. Qc2 Qa1+ 30. Qb1 Qa4 31. b3 Qc6 32. Qc2 Qe6 33. h5 1-0

[Event "*** SCC Grand Prix: Titled Tuesday Blitz"]
[Site "Chess.com"]
[Date "2020.08.11"]
[Round "6"]
[White "SRDR8290"]
[Black "elcandado"]
[Result "0-1"]
[WhiteElo "2389"]
[BlackElo "2547"]
[TimeControl "180+1"]
[EndTime "11:07:11 PDT"]
[Termination "elcandado won by resignation"]

1. d4 Nf6 2. c4 e6 3. Nf3 d5 4.
Nc3 c5 5. e3 Be7 6. cxd5 Nxd5 7. Be2 cxd4 8. Nxd5 Qxd5 9. Qxd4 Qxd4 10. Nxd4 Bd7 11. Bf3 Nc6 12. Nxc6 Bxc6 13. Bxc6+ bxc6 14. Bd2 O-O-O 15. Rc1 Kb7 16. Ke2 h5 17. Bc3 Rhg8 18.
Rc2 g6 19. Rhc1 Rd7 20. Bd4 Rc8 21. Rc3 Rd5 22. Rb3+ Ka8 23. Rc4 c5 24. Bc3 Rb8 25. Rxb8+ Kxb8 26. e4 Rd7 27. Be5+ Kb7 28. b3 Kb6 29. f3 Kb5 30. h3 Bd6 31. Bc3 Bf4 32.
Ra4 a6 33. Ra5+ Kb6 34. Ra4 Kb5 35. Ra5+ Kb6 36. Ra4 Bh2 37. Bd2 Bg1 38. Rc4 Bd4 39.
Rc2 Kb5 40. Rc4 f5 41. Be3 Bxe3 42. Kxe3 Rd1 43. exf5 exf5 44. Rc2 Rd4 45. g3 h4 46. Rg2 hxg3 47. f4 Rd6 48. Rxg3 Kb4 49. Rg2 a5 50. Rc2 Rd4 51. Rc1 Re4+ 52. Kf3 c4 53.
bxc4 Rxc4 54. Rg1 Rc6 55. Rg2 Rc3+ 0-1

[Event "*** SCC Grand Prix: Titled Tuesday Blitz"]
[Site "Chess.com"]
[Date "2020.08.11"]
[Round "6"]
[White "sodastream007"]
[Black "Arseniy_Nesterov"]
[Result "0-1"]
[WhiteElo "2239"]
[BlackElo "2755"]
[TimeControl "180+1"]
[EndTime "11:07:13 PDT"]
[Termination "Arseniy_Nesterov won by checkmate"]

1. d4 d5 2. c4 c6 3. Nf3 Nf6 4. e3 Bg4 5. cxd5 Bxf3 6. Qxf3 cxd5 7. Nc3 Nc6 8. Qg3 e6 9. a3 a6 10. Be2 g6 11. O-O Bg7 12. f4 O-O 13. Bd2 Ne7 14.
Qh3 h5 15. Qf3 Nf5 16. h3 h4 17. Bd3 Ng3 18. Rf2 Rc8 19. Be1 b5 20. Rc2 Nfh5 21.
b4 Qb6 22. a4 Bxd4 23. exd4 Qxd4+ 24. Bf2 Qxb4 25. Rac1 Qxf4 26. Qxf4 Nxf4 27. Bf1 Nxf1 28. Kxf1 Nd3 29. Rb1 b4 30. Ke2 Nxf2 31. Rxb4 Ne4 32.
Kd3 Rxc3+ 33. Rxc3 Nxc3 34. Kxc3 Rc8+ 35. Kd3 Rc6 36. Rb8+ Kg7 37. a5 Rc5 38. Rb7 Rxa5 39. Kd4 Ra2 40. Ke5 Rxg2 41. Ra7 Rg3 42. Rxa6 Rxh3 43. Ra1 Rf3 44. Rh1 h3 45. Rg1 Kh6 46. Rh1 g5 47. Rg1 Kh5 48. Rh1 g4 49. Ra1 h2 50. Ra8 Kh4 51. Rh8+ Kg3 52. Kd4 Kg2 53. Rh4 g3 54. Ke5 h1=Q 55. Rh2+ gxh2 56. Kd6 Qb1 57. Ke5 h1=Q 58. Kd6 Qh2+ 59. Ke7 Qb7+ 60. Kf8 Qh8# 0-1

[Event "*** SCC Grand Prix: Titled Tuesday Blitz"]
[Site "Chess.com"]
[Date "2020.08.11"]
[Round "6"]
[White "pastouche06"]
[Black "adotand"]
[Result "0-1"]
[WhiteElo "2502"]
[BlackElo "2777"]
[TimeControl "180+1"]
[EndTime "11:07:13 PDT"]
[Termination "adotand won on time"]

1. d4 Nf6 2. c4 g6 3. f3 Bg7 4. e4 d6 5. Ne2 O-O 6. Be3 c5 7.
Qd2 Nc6 8. d5 Ne5 9. Nec3 e6 10.
Be2 exd5 11. cxd5 a6 12. a4 h5 13. O-O Nh7 14. Na3 Bd7 15. h3 g5 16. f4 gxf4 17.
Bxf4 h4 18. Nc4 Nxc4 19. Bxc4 Qf6 20. Kh1 Rad8 21. Rae1 Rfe8 22. e5 dxe5 23. Ne4 Qg6 24. Bh2 b6 25. Bxa6 f5 26. Nc3 e4 27. Bc4 Kh8 28.
Nb5 Nf6 29. Nc7 Rf8 30. Qf2 Qh5 31. Ne6 Bxe6 32. dxe6 Rd4 33. Bb5 Nd5 34. Bd6 e3 35. Qc2 Nb4 36. Qe2 Qxe2 37. Rxe2 Rxd6 38. e7 Rg8 39. e8=Q Rxe8 40. Bxe8 Re6 41. Rxf5 Rxe8 0-1

[Event "*** SCC Grand Prix: Titled Tuesday Blitz"]
[Site "Chess.com"]
[Date "2020.08.11"]
[Round "6"]
[White "chess94cu"]
[Black "grunbergmihai"]
[Result "1-0"]
[WhiteElo "2593"]
[BlackElo "2450"]
[TimeControl "180+1"]
[EndTime "11:07:13 PDT"]
[Termination "chess94cu won by resignation"]

1. d4 Nf6 2. c4 g6 3. Nc3 d5 4.
cxd5 Nxd5 5. Nf3 Bg7 6. e4 Nxc3 7. bxc3 c5 8. Rb1 O-O 9. Be2 Nc6 10. d5 Bxc3+ 11. Bd2 Bxd2+ 12. Qxd2 Nd4 13. Nxd4 cxd4 14. Qxd4 Qa5+ 15. Qd2 Qxd2+ 16. Kxd2 Rd8 17. Ke3 e6 18. Bc4 exd5 19. Bxd5 Rb8 20. Rhd1 Kg7 21. Rdc1 Rd7 22. Rc3 Re7 23. Rbc1 Be6 24. Rc7 Rbe8 25. Bxb7 Bxa2 26.
f3 f5 27. e5 g5 28. g3 Kf8 29. f4 gxf4+ 30. gxf4 Rxc7 31. Rxc7 Re7 32. Rc8+ Re8 33. Rc5 Re7 34. Bc8 Be6 35. Bxe6 Rxe6 36. Kd4 Rh6 37. Rc8+ Ke7 38. Rc7+ Kd8 39. Rxa7 Rxh2 40. e6 Re2 41.
Kd5 Re4 42. Kd6 Rd4+ 43. Ke5 Rd1 44. Rxh7 Re1+ 45. Kxf5 Ke8 46. Kf6 Kd8 47. Rh8+ Kc7 48. e7 1-0

[Event "*** SCC Grand Prix: Titled Tuesday Blitz"]
[Site "Chess.com"]
[Date "2020.08.11"]
[Round "6"]
[White "lelajavakhishvili"]
[Black "Goryachkina"]
[Result "1-0"]
[WhiteElo "2425"]
[BlackElo "2558"]
[TimeControl "180+1"]
[EndTime "11:07:13 PDT"]
[Termination "lelajavakhishvili won on time"]

1. Nf3 d5 2. e3 Nf6 3. b3 c6 4. Bb2 Bf5 5. Be2 e6 6. Nh4 Bg6 7. Nxg6 hxg6 8. h3 Bd6 9. O-O Nbd7 10. c4 Qe7 11. d4 Ne4 12. Nd2 Nxd2 13. Qxd2 Nf6 14. a3 g5 15. Qd1 Ne4 16. Bd3 f5 17. Bxe4 dxe4 18. b4 g4 19. d5 gxh3 20. g3 cxd5 21.
cxd5 e5 22. Rc1 Kf7 23. Kh2 g6 24. f4 exf3 25. Qxf3 e4 26. Qf2 Rh7 27. Bd4 Rd8 28. Bc5 Bxc5 29. Rxc5 b6 30. Rc2 Rxd5 31. Qf4 Rh8 32.
Rff2 Rd7 33. g4 Qe6 34. gxf5 gxf5 35. Qxf5+ Qxf5 36. Rxf5+ Kg6 37. Rf4 Re7 38. Rc1 Rd8 39. Rg1+ Kh5 40. Kxh3 1-0

[Event "*** SCC Grand Prix: Titled Tuesday Blitz"]
[Site "Chess.com"]
[Date "2020.08.11"]
[Round "6"]
[White "Gareth-Bale11"]
[Black "penguingm1"]
[Result "1-0"]
[WhiteElo "2820"]
[BlackElo "3000"]
[TimeControl "180+1"]
[EndTime "11:07:15 PDT"]
[Termination "Gareth-Bale11 won by checkmate"]

1. d4 d5 2. Nf3 Nf6 3. c4 e6 4. Nc3 Be7 5. Bg5 h6 6. Bxf6 Bxf6 7. e3 O-O 8. Rc1 b6 9. cxd5 exd5 10. Be2 Be6 11. O-O c5 12. dxc5 bxc5 13. Na4 c4 14. b3 cxb3 15. axb3 Qd6 16. Nd4 Nd7 17. Rc6 Qe7 18.
Nxe6 fxe6 19. Bg4 Ne5 20. Bxe6+ Kh8 21. Ra6 Rad8 22. Bxd5 Rd7 23. e4 Rfd8 24. Qe2 Ng6 25. Qg4 Ne5 26. Qg3 Bh4 27. Qh3 Bf6 28. Re6 Qf8 29. Nc3 Ng6 30. Ne2 Re7 31. Rxe7 Qxe7 32. Qf5 Nf8 33. Nf4 Be5 34. Nd3 Bd4 35. Rc1 Bb6 36.
Rc6 Rd6 37. Rxd6 Qxd6 38. Ne5 Qc5 39. Nf7+ Kg8 40. Nxh6+ Kh8 41. Nf7+ Kg8 42. Ne5+ Kh8 43. Qh5+ Nh7 44. Ng6# 1-0

[Event "*** SCC Grand Prix: Titled Tuesday Blitz"]
[Site "Chess.com"]
[Date "2020.08.11"]
[Round "6"]
[White "belisarius64"]
[Black "GoldenShare"]
[Result "1-0"]
[WhiteElo "2713"]
[BlackElo "2496"]
[TimeControl "180+1"]
[EndTime "11:07:15 PDT"]
[Termination "belisarius64 won by resignation"]

1. e4 c5 2. Nf3 d6 3. d4 cxd4 4. Nxd4 Nf6 5. Nc3 Nc6 6. Bc4 Qb6 7. Nxc6 bxc6 8. O-O e6 9. Qe1 Be7 10. e5 dxe5 11. Qxe5 O-O 12. b3 Qc5 13. Qg3 Bb7 14. Bb2 Qd6 15. Qf3 Qc7 16. Rad1 c5 17. Qh3 Rad8 18.
Nb5 Qf4 19. Bc1 Qg4 20. Qxg4 Nxg4 21. Bf4 a6 22. Nd6 Bd5 23. Bxd5 Bxd6 24. Bxd6 Rxd6 25. Bc4 Rfd8 26. Rxd6 Rxd6 27. Re1 g6 28. h3 Nf6 29. Re5 Nd7 30. Re2 Kg7 31. Bd3 Kf6 32. f4 h6 33.
Kf2 g5 34. Re4 Rd4 35. fxg5+ hxg5 36. Rxd4 cxd4 37. Bxa6 Nc5 38. Bd3 e5 39. b4 Na4 40.
Bb5 Nc3 41. a4 e4 42. Bc6 Ke5 43. a5 d3 44. cxd3 exd3 45. Ke3 Ne2 46. Kxd3 Nf4+ 47. Kc4 Kd6 48. b5 Ne6 49. a6 Nc7 50. a7 1-0

[Event "*** SCC Grand Prix: Titled Tuesday Blitz"]
[Site "Chess.com"]
[Date "2020.08.11"]
[Round "6"]
[White "chessfrendz"]
[Black "Angel_Hranitel_37"]
[Result "0-1"]
[WhiteElo "2263"]
[BlackElo "2447"]
[TimeControl "180+1"]
[EndTime "11:07:15 PDT"]
[Termination "Angel_Hranitel_37 won by resignation"]

1. d4 Nf6 2. c4 g6 3. Nc3 Bg7 4.
e4 d6 5. Nf3 O-O 6. Be2 e5 7.
O-O Nc6 8. d5 Ne7 9. Ne1 Nd7 10.
Be3 f5 11. f3 f4 12. Bf2 g5 13.
a4 a5 14. Nb5 b6 15. Nd3 Nf6 16. b4 axb4 17. Nxb4 g4 18. Bh4 g3 19. hxg3 fxg3 20. f4 exf4 21. Ra3 Ng6 22. Nc6 Qd7 23. Bxf6 Bxf6 24. Nbd4 Bxd4+ 25. Qxd4 Qg7 26. Qxg7+ Kxg7 27. Bh5 Bd7 28. Bxg6 hxg6 29. Nd4 g5 30. Rc1 Kf6 31. Nb5 Bxb5 32. cxb5 Rf7 33. Kf1 Ke5 34. Rc4 Rh8 35. Ke2 g4 36. Rac3 Rh2 37. Rxc7 Rxg2+ 38. Kd3 Rxc7 39.
Rxc7 Ra2 40. Re7+ Kf6 41. Re6+ Kf7 42. Rxd6 g2 43. e5 g1=Q 44. Ke4 Qb1+ 45. Kxf4 Rxa4+ 46. Kg5 Qc1+ 47. Kh5 Qh1+ 48. Kg5 Qe4 49. Rd7+ Ke8 50.
e6 Rd4 0-1

[Event "*** SCC Grand Prix: Titled Tuesday Blitz"]
[Site "Chess.com"]
[Date "2020.08.11"]
[Round "6"]
[White "aNaartjieZA"]
[Black "Kobalia"]
[Result "0-1"]
[WhiteElo "2506"]
[BlackElo "2784"]
[TimeControl "180+1"]
[EndTime "11:07:16 PDT"]
[Termination "Kobalia won by resignation"]

1. e4 c5 2. Nf3 e6 3. d3 d5 4. Nbd2 Nf6 5. g3 Nc6 6. Bg2 Be7 7.
O-O O-O 8. Re1 b5 9. e5 Nd7 10. Nf1 b4 11. h4 a5 12. N1h2 Re8 13. Bf4 a4 14. a3 Qb6 15. Ng5 h6 16. Nxf7 Kxf7 17. Qh5+ g6 18. Qxh6 Rg8 19. Bxd5 Nf8 20. Be4 Bb7 21. h5 g5 22. Bg6+ Nxg6 23. Qh7+ Kf8 24.
hxg6 Rg7 25. Qh8+ Rg8 26. g7+ Kf7 27. Qh5+ Kxg7 28. Bxg5 Rh8 29. Qg4 Kf7 30. Re4 Rag8 31. Qf4+ Ke8 32. Bxe7 Nxe7 33. Ng4 Nd5 34. Nf6+ Nxf6 35.
exf6 Kf7 36. axb4 cxb4 37. Rxa4 Bxe4 38. dxe4 Ra8 39. Rxa8 Rxa8 40. e5 Qc6 41. f3 Ra1+ 42. Kh2 Qxc2+ 43. Kh3 Rh1+ 44. Kg4 Qg6+ 0-1

[Event "*** SCC Grand Prix: Titled Tuesday Blitz"]
[Site "Chess.com"]
[Date "2020.08.11"]
[Round "6"]
[White "Sergey85Rodchenkov"]
[Black "chargemax23"]
[Result "0-1"]
[WhiteElo "2475"]
[BlackElo "2649"]
[TimeControl "180+1"]
[EndTime "11:07:16 PDT"]
[Termination "chargemax23 won by resignation"]

1. e4 g6 2. d4 Bg7 3. Nf3 c6 4. c3 d6 5. Bd3 e5 6. O-O Nd7 7. Re1 Ngf6 8. Bg5 h6 9. Bh4 O-O 10. Nbd2 a5 11. a4 Qc7 12. Qc2 Re8 13. dxe5 dxe5 14.
Nc4 Nc5 15. Bf1 Nh5 16. Nfd2 Be6 17. f3 b5 18. axb5 cxb5 19. Na3 b4 20. cxb4 axb4 21.
Nb5 Qc6 22. Bf2 Bf8 23. Rxa8 Rxa8 24. Rc1 Qd7 25. Nc4 Qxb5 26. Nxe5 Qa5 27. Nc6 Qb6 28. Nd4 Rc8 29. Nxe6 Qxe6 30. Bc4 Qe5 31. Qd2 Ne6 32. g3 Nf6 33. b3 g5 34. Rd1 g4 35. fxg4 Nxe4 36. Qe2 N6g5 37. Bd4 Bc5 38. Bxc5 Qxc5+ 39. Kg2 Nc3 40. Qd3 Qc6+ 0-1

[Event "*** SCC Grand Prix: Titled Tuesday Blitz"]
[Site "Chess.com"]
[Date "2020.08.11"]
[Round "6"]
[White "elegant285"]
[Black "Zarinur"]
[Result "1-0"]
[WhiteElo "2372"]
[BlackElo "2150"]
[TimeControl "180+1"]
[EndTime "11:07:16 PDT"]
[Termination "elegant285 won on time"]

1. d4 Nf6 2. c4 e6 3. Nf3 Bb4+ 4. Bd2 a5 5. a3 Bxd2+ 6. Qxd2 O-O 7. Nc3 d6 8. g3 a4 9. Bg2 Bd7 10. O-O Bc6 11.
d5 exd5 12. cxd5 Bd7 13. Qc2 Qe8 14. b4 axb3 15. Qxb3 b6 16. Nd4 Na6 17. Ndb5 Bxb5 18. Qxb5 Nc5 19. Qc4 Nfd7 20. Rfb1 Ne5 21. Qd4 Ra5 22. f4 Ned7 23. e4 Qa8 24. Nb5 Qb7 25. e5 Rfa8 26. exd6 cxd6 27. Nxd6 Qb8 28. Nf5 Nf6 29.
Ne7+ Kh8 30. Nc6 Qd6 31. Nxa5 Rxa5 32. Rb4 h6 33. Rab1 Ra6 34. Bf1 Rxa3 35. Rxb6 Qe7 36.
d6 Qd7 37. Qxc5 Ne4 38. Rb8+ Kh7 39. Qc2 f5 40. Bd3 Qa7+ 41. Kg2 Ra2 42. R1b2 Ra1 43. Rb1 Ra2 44. R8b2 1-0

[Event "*** SCC Grand Prix: Titled Tuesday Blitz"]
[Site "Chess.com"]
[Date "2020.08.11"]
[Round "6"]
[White "ftorodent"]
[Black "SzMM19"]
[Result "1-0"]
[WhiteElo "2656"]
[BlackElo "2479"]
[TimeControl "180+1"]
[EndTime "11:07:17 PDT"]
[Termination "ftorodent won by resignation"]

1. d4 Nf6 2. c4 e6 3. Nf3 b6 4. a3 Bb7 5. Nc3 Ne4 6. Nxe4 Bxe4 7. e3 Be7 8. Bd3 Bxd3 9. Qxd3 O-O 10. d5 d6 11.
dxe6 Nc6 12. exf7+ Rxf7 13. Qd5 Qe8 14. O-O Bf6 15. e4 Rd8 16. Re1 Kh8 17. Rb1 Re7 18.
b4 Ne5 19. Nxe5 dxe5 20. Qb5 Red7 21. Be3 Qe6 22. Rbc1 Rd3 23. Qa4 Qg4 24. f3 Qe6 25. Qc2 Rxe3 26. Rxe3 Bg5 27. Qe2 Qd7 28. Re1 Bxe3+ 29.
Qxe3 a5 30. c5 h6 31. cxb6 cxb6 32. Qxb6 axb4 33. axb4 Qd2 34. Rf1 Qe2 35. Qxd8+ 1-0

[Event "*** SCC Grand Prix: Titled Tuesday Blitz"]
[Site "Chess.com"]
[Date "2020.08.11"]
[Round "6"]
[White "Chuchofrio1"]
[Black "vova-79"]
[Result "0-1"]
[WhiteElo "2282"]
[BlackElo "2457"]
[TimeControl "180+1"]
[EndTime "11:07:18 PDT"]
[Termination "vova-79 won on time"]

1. d4 d5 2. c4 e6 3. Nc3 c6 4. e4 dxe4 5. Nxe4 Bb4+ 6. Nc3 Nf6 7. Nf3 O-O 8. Bd3 c5 9. O-O Nc6 10. Be3 cxd4 11. Nxd4 Bxc3 12. bxc3 Bd7 13. Qc2 Ne5 14. Be2 Rc8 15. c5 Qa5 16. Nb3 Qa3 17. Bd4 Nc6 18. Bxf6 gxf6 19. Bd3 h6 20. Rad1 Rfd8 21. Qd2 Kg7 22.
Rfe1 Ne5 23. Bb1 Ba4 24. Qf4 Rxd1 25. Rxd1 Bxb3 26. Qg3+ Kf8 27. axb3 Qxb3 28. Re1 Rxc5 29. Qf4 Qxc3 30. Qxh6+ Ke7 31. Rf1 a5 32. Be4 b5 33.
Qh8 Rc8 34. Qh4 a4 35. Kh1 a3 36. f4 Nd7 37. f5 e5 38. Bd5 Qd3 0-1